 Dungeon Crawl Stone Soup version 0.27-a0-836-gfc908b8576 (webtiles) character file.

Game seed: 4802555269658284755

92 polve the Changer (level 4, -2/35 HPs)
             Began as a Draconian Transmuter on Mar 31, 2021.
             Slain by a sky beast (6 damage)
             ... on level 2 of the Dungeon.
             The game lasted 00:01:50 (2755 turns).

polve the Changer (Draconian Transmuter)            Turns: 2755, Time: 00:01:51

Health: -2/35      AC:  5    Str: 13    XL:     4   Next: 35%
Magic:  7/7        EV: 12    Int: 14    God:
Gold:   82         SH:  0    Dex: 11    Spells: 4/7 levels left

rFire    . . .     SeeInvis .     - Unarmed
rCold    . . .     Faith    .   (no shield)
rNeg     . . .     Spirit   .   (armour unavailable)
rPois    .         Reflect  .   (helmet currently unavailable)
rElec    .         Harm     .   (no cloak)
rCorr    .         Rampage  .   (no gloves)
Will     .....                  (boots currently unavailable)
Stlth    +.........             (no amulet)
HPRegen  0.11/turn              (no ring)
MPRegen  0.10/turn              (no ring)

@: appendages (expiring)
A: horns 2, talons 2, AC +5, unfitting armour, cold-blooded
a: End Transformation


You were on level 2 of the Dungeon.
You had temporarily grown beastly horns and talons.
You visited 1 branch of the dungeon, and saw 3 of its levels.

You collected 82 gold pieces.

Inventory:

Scrolls
 b - a scroll of identify {unknown}
 e - a scroll of teleportation {unknown}
Potions
 a - a potion of curing {unknown}
 c - a potion of mutation {unknown}
 d - a potion of attraction {unknown}
 f - a potion of resistance {unknown}
 g - a potion of ambrosia {unknown}
 h - a potion of haste {unknown}


   Skills:
 - Level 1.1 Fighting
 - Level 1.7 Dodging
 - Level 3.0 Unarmed Combat
 - Level 2.0 Spellcasting
 + Level 4.7 Transmutations


You had 4 spell levels left.
You knew the following spells:

 Your Spells              Type           Power      Damage    Failure   Level
a - Beastly Appendage     Tmut           28%        N/A       3%          1
b - Wereblood             Tmut           14%        N/A       5%          2

Your spell library contained the following spells:

 Spells                   Type           Power      Damage    Failure   Level
 Spider Form              Tmut/Pois      3%         N/A       26%         3
 Ice Form                 Ice/Tmut       7%         N/A       65%         4
 Hydra Form               Tmut           7%         N/A       67%         5


Dungeon Overview and Level Annotations

Branches:
Dungeon (3/15)

Altars:


Innate Abilities, Weirdness & Mutations

You have temporarily grown beastly horns and talons.
Your plain brown scales are hard. (AC +5)
You cannot fit into any form of body armour.
You are cold-blooded and may be slowed by cold attacks.


Message History

The sky beast hits you but does no damage.
You hit the sky beast but do no damage.
Your tail-slap misses the sky beast.
The sky beast is heavily wounded.
The sky beast hits you but does no damage.
You hit the sky beast.
The sky beast is severely wounded.
The sky beast hits you but does no damage.
You closely miss the sky beast. Your headbutt misses the sky beast.
The sky beast is severely wounded.
The sky beast hits you but does no damage.
You barely miss the sky beast.
The sky beast is severely wounded.
The sky beast barely misses you.
You barely miss the sky beast. You punch the sky beast.
The sky beast is severely wounded.
The sky beast misses you.
You barely miss the sky beast. Your kick misses the sky beast.
The sky beast is severely wounded.
The sky beast hits you but does no damage.
You barely miss the sky beast. You claw the sky beast.
Your headbutt misses the sky beast.
The sky beast is severely wounded.
The sky beast misses you.
You closely miss the sky beast. Your kick misses the sky beast.
The sky beast is severely wounded.
The sky beast closely misses you.
You barely miss the sky beast.
The sky beast is severely wounded.
Your transformation is almost over.
The sky beast closely misses you.
You closely miss the sky beast. Your kick misses the sky beast.
The sky beast is severely wounded.
The sky beast flickers out of sight!
Deactivating autopickup; reactivate with Ctrl-A.
Something hits you. Something shocks you.
* * * LOW HITPOINT WARNING * * *
You closely miss something. Your kick misses something. Something hits you.
* * * LOW HITPOINT WARNING * * *
Something shocks you.
You die...

#.# #.# #.# #.#...)#
#.###.# #.###.##...#
#..##.# #.#...##...#
...##.# #.#.####...#
...##.# #.#.#......#
......# #.#.#.##.#.#
....#.# #.#......#.#
......# #.###.####.#
......# #...{@.....#
......##################
...).>.................#
...^#################.##
....'.........# #.#
....#########.# #.#
.#### #.# #.# .# #.# #.#
.# #.# #.#


There were no monsters in sight!

Vanquished Creatures
  3 adders (D:2)
  2 dart slugs (D:1)
  2 endoplasms (D:1)
  6 goblins
  8 hobgoblins
  11 jackals
  4 kobolds
  4 quokkas
  7 ball pythons
  3 bats
  3 frilled lizards
  3 rats
56 creatures vanquished.

Notes
Turn   | Place    | Note
-------+----------+-------------------------------------------
     0 | D:1      | polve the Draconian Transmuter began the quest for the Orb.
     0 | D:1      | Reached XP level 1. HP: 16/16 MP: 3/3
   262 | D:1      | Reached XP level 2. HP: 23/23 MP: 3/5
   274 | D:1      | Learned a level 2 spell: Wereblood
   290 | D:1      | Reached skill level 3 in Transmutations
   656 | D:1      | Reached XP level 3. HP: 28/28 MP: 4/6
  1441 | D:2      | Reached skill level 4 in Transmutations
  1727 | D:2      | Reached XP level 4. HP: 35/35 MP: 5/7
  2387 | D:3      | Noticed a sky beast
  2433 | D:3      | HP: 1/35 [something (6)]
  2755 | D:2      | Slain by a sky beast

Illustrated notes

Levels and vault maps discovered:
D:1:      sevenhm_arrival_forest_fort_large_4, layout_loops_ring
D:2:      layout_basic
D:3:      minmay_recursive_quarters, layout_basic, old_standard_altar

Skill      XL: |  1  2  3 |
---------------+----------+-----
Transmutations | 3 4 |  4.7
Fighting       | |  1.1
Dodging        | |  1.7
Unarmed Combat | |  3.0
Spellcasting   | |  2.0

Action                   |  1- 3 |  4- 6 || total
-------------------------+-------+-------++-------
Melee: Unarmed           |   151 |    50 ||   201
       Kick              |    17 |    10 ||    27
       Tailslap          |     9 |     5 ||    14
       Punch             |     1 |     1 ||     2
       Headbutt          |     6 |     2 ||     8
 Cast: Beastly Appendage |    22 |     5 ||    27
 Stab: Sleeping          |     1 |     1 ||     2
Armor: Skin              |    52 |    19 ||    71
Dodge: Dodged            |    95 |    20 ||   115

Table legend: (Time is in decaauts)
 A = Elapsed time spent in this place.
 B = Non-inter-level travel time spent in this place.
 C = Inter-level travel time spent in this place.
 D = Time resting spent in this place.
 E = Time spent auto-exploring this place.
 F = Levels seen in this place.
 G = Mean time per level.
                   A        B        C        D        E       F      G
               +--------+--------+--------+--------+--------+-----+--------+
         Total |   2745 |   2627 |    118 |      0 |   2153 |   3 |  915.0 |
       Dungeon |   2745 |   2627 |    118 |      0 |   2153 |   3 |  915.0 |
               +--------+--------+--------+--------+--------+-----+--------+

Top non-repeatable levels by time:
     D:1: 1334 daAuts
     D:2: 1314 daAuts
     D:3: 95 daAuts
